 Dungeon Crawl Stone Soup version 0.27-a0-1501-g9d6fb14e67 (webtiles) character file.

Game seed: 14453947625209170006

240 Froggeryz the Stinger (level 5, -3/37 HPs)
             Began as a Demonspawn Venom Mage on July 8, 2021.
             Slain by Menkaure (18 damage)
             ... on level 4 of the Dungeon.
             The game lasted 00:04:34 (3851 turns).

Froggeryz the Stinger (Demonspawn Venom Mage)       Turns: 3851, Time: 00:04:35

Health: -3/37      AC:  3    Str: 10    XL:     5   Next: 79%
Magic:  8/8        EV: 12    Int: 16    God:
Gold:   192        SH:  0    Dex: 13    Spells: 5/8 levels left

rFire    . . .     SeeInvis .     - Unarmed
rCold    . . .     Faith    .   (no shield)
rNeg     . . .     Spirit   .   a - +0 robe
rPois    .         Reflect  .   (no helmet)
rElec    .         Harm     .   (no cloak)
rCorr    .         Rampage  .   (no gloves)
Will     +....                  h - +0 pair of boots
Stlth    ++........             (no amulet)
HPRegen  0.12/turn              i - ring of willpower
MPRegen  0.11/turn              (no ring)

@: no status effects
A: hooves 1, spiny 1
a: no special abilities


You were on level 4 of the Dungeon.
You visited 1 branch of the dungeon, and saw 4 of its levels.

You collected 192 gold pieces.

Inventory:

Missiles
 c - 13 poisoned darts (quivered)
 k - 5 atropa-tipped darts
Armour
 a - a +0 robe (worn)
 h - a +0 pair of boots (worn)
Jewellery
 i - a ring of willpower (left hand)
Scrolls
 d - a scroll of enchant weapon {unknown}
 e - a scroll of noise {unknown}
 f - 4 scrolls of identify {unknown}
 o - a scroll of magic mapping {unknown}
Potions
 b - a potion of might {unknown}
 g - a potion of mutation {unknown}
 j - a potion of ambrosia {unknown}
 l - a potion of lignification {unknown}
 m - a potion of curing {unknown}


   Skills:
 + Level 1.5 Fighting
 - Level 2.0 Dodging
 - Level 1.7 Stealth
 * Level 2.6 Unarmed Combat
 - Level 2.0 Spellcasting
 - Level 0.8 Transmutations
 + Level 1.1 Air Magic
 - Level 5.0 Poison Magic


You had 5 spell levels left.
You knew the following spells:

 Your Spells              Type           Power      Damage    Failure   Level
a - Sting                 Tmut/Pois      40%        1d5       6%          1
b - Poisonous Vapours     Pois/Air       22%        N/A       9%          2

Your spell library contained the following spells:

 Spells                   Type           Power      Damage    Failure   Level
 Beastly Appendage        Tmut           8%         N/A       14%         1
 Spider Form              Tmut/Pois      5%         N/A       19%         3
 Wereblood                Tmut           4%         N/A       22%         2
 Mephitic Cloud           Conj/Pois/Air  8%         N/A       26%         3
 Olgreb's Toxic Radiance  Pois           17%        N/A       26%         4
 Gell's Gravitas          Tloc           0%         N/A       52%         3
 Lesser Beckoning         Tloc           0%         N/A       52%         3
 Teleport Other           Tloc           1%         N/A       52%         3


Dungeon Overview and Level Annotations

Branches:
Dungeon (4/15)
 Temple: D:4-7

Altars:

Annotations:
D:3 Grinder; Jessica; Robin
D:4 2 transporters, Menkaure; Sage1700's ghost, amateur HuFi


Innate Abilities, Weirdness & Mutations

You have large cloven feet.
You are partially covered in sharp spines.


Message History

There is a stone staircase leading up here.
Sage1700's ghost ripples.
Found 15 arrows.
You now have 184 gold pieces (gained 12).
You see here 26 bolts.
f - 4 scrolls labelled GAUWEITRIGHE (gained 1)
You now have 192 gold pieces (gained 8).
A ball python comes into view.
A ball python is nearby!
Found a hand crossbow.
The ball python hisses angrily.
You hit the ball python.
You kill the ball python!
No target in view!
Menkaure, Prince of Dust comes into view.
Menkaure is nearby!
Found a scroll labelled GAUWEITRIGHE.
Menkaure casts a spell.
Menkaure seems to speed up.
Menkaure hits you but does no damage.
You hit Menkaure but do no damage. Menkaure barely misses you.
You hit Menkaure but do no damage. Menkaure is struck by your spines.
Menkaure closely misses you.
You hit Menkaure.
Menkaure is moderately damaged.
Menkaure is struck by your spines. Menkaure barely misses you.
You hit Menkaure but do no damage.
Menkaure is heavily damaged.
Menkaure hits you!!
Ouch! That really hurt!
You are too injured to fight recklessly!
You are too injured to fight recklessly!
You are too injured to fight recklessly!
You hit Menkaure but do no damage.
Menkaure is heavily damaged.
Menkaure misses you.
You hit Menkaure but do no damage.
Menkaure is heavily damaged.
Menkaure hits you!!
You die...

#############
##...).#.....##
##.............##
#....?..........#
#....M..........#
#.....@.........#
#............†..#
#...............#
#?..............#
##.............######
##.....#...........###
##############.......
##...... #......


You could see Menkaure (fast).

Vanquished Creatures
  A water moccasin skeleton (D:4)
  Terence (D:4)
  4 adders
  8 gnolls
  A worm (D:2)
  A dart slug (D:1)
  4 ball pythons
  5 bats
  3 endoplasms
  A giant cockroach (D:2)
  4 goblins
  3 hobgoblins
  6 jackals (D:2)
  2 quokkas
  3 frilled lizards
  4 kobolds
  4 rats
55 creatures vanquished.

Notes
Turn   | Place    | Note
-------+----------+-------------------------------------------
     0 | D:1      | Froggeryz the Demonspawn Venom Mage began the quest for the
                  | Orb.
     0 | D:1      | Reached XP level 1. HP: 13/13 MP: 3/3
   575 | D:1      | Gained mutation: You are partially covered in sharp spines.
                  | [demonic ancestry]
   575 | D:1      | Reached XP level 2. HP: 19/19 MP: 5/5
   719 | D:1      | Found a faded altar of an unknown god.
  1587 | D:1      | Reached skill level 4 in Poison Magic
  1587 | D:1      | Reached XP level 3. HP: 24/24 MP: 2/6
  2044 | D:2      | Reached XP level 4. HP: 30/30 MP: 7/7
  2279 | D:2      | Reached skill level 1 in Unarmed Combat
  2700 | D:2      | Reached skill level 5 in Poison Magic
  2704 | D:2      | Learned a level 2 spell: Poisonous Vapours
  3009 | D:2      | Gained mutation: You have large cloven feet. [demonic
                  | ancestry]
  3009 | D:2      | Reached XP level 5. HP: 13/36 MP: 5/8
  3335 | D:2      | You fall into a shaft and drop 2 floors!
  3361 | D:4      | Found a transporter.
  3363 | D:4      | Noticed a phantom
  3364 | D:4      | Found a transporter.
  3366 | D:4      | Noticed Sage1700's ghost (amateur HuFi)
  3607 | D:3      | Reached skill level 1 in Fighting
  3639 | D:3      | Noticed Terence
  3644 | D:3      | Noticed Robin
  3664 | D:4      | Killed Terence
  3691 | D:4      | Reached skill level 1 in Air Magic
  3785 | D:4      | Identified the +0 chain mail "Onaxokh" {Int+3 Slay-2
                  | Stlth+}
  3803 | D:3      | Noticed Grinder
  3803 | D:3      | Noticed Jessica
  3803 | D:3      | Noticed an ogre
  3841 | D:4      | Noticed Menkaure
  3851 | D:4      | Slain by Menkaure

Illustrated notes

Levels and vault maps discovered:
D:1:      dpeg_arrival_concentric_ovals, layout_basic,
          hellmonk_ecumenical_altar_zigzags, palyth_stone_intersect
D:2:      layout_basic, minmay_misc_feat_ornament, minmay_misc_feat_cross
D:3:      layout_loops_cross, uniq_robin, uniq_natasha, uniq_grinder,
          uniq_jessica, uniq_terence
D:4:      layout_rooms, gammafunk_ghost_arena, uniq_menkaure

Skill      XL: |  1  2  3  4  5 |
---------------+----------------+-----
Dodging        | 2 |  2.0
Poison Magic   | 4 5 |  5.0
Unarmed Combat | 1 2 |  2.6
Fighting       | 1 |  1.5
Air Magic      | 1 |  1.1
Stealth        | |  1.7
Spellcasting   | |  2.0
Transmutations | |  0.8

Action                   |  1- 3 |  4- 6 || total
-------------------------+-------+-------++-------
Melee: Unarmed           |    32 |    58 ||    90
Throw: Dart              |    10 |     8 ||    18
 Cast: Sting             |    32 |    22 ||    54
  Use: Potion            |       |     1 ||     1
 Stab: Sleeping          |     3 |     4 ||     7
       Distracted        |     1 |       ||     1
Armor: Robe              |     6 |    11 ||    17
Dodge: Dodged            |    27 |    36 ||    63

Table legend: (Time is in decaauts)
 A = Elapsed time spent in this place.
 B = Non-inter-level travel time spent in this place.
 C = Inter-level travel time spent in this place.
 D = Time resting spent in this place.
 E = Time spent auto-exploring this place.
 F = Levels seen in this place.
 G = Mean time per level.
                   A        B        C        D        E       F      G
               +--------+--------+--------+--------+--------+-----+--------+
         Total |   3867 |   3804 |     63 |    400 |   2804 |   4 |  966.8 |
       Dungeon |   3867 |   3804 |     63 |    400 |   2804 |   4 |  966.8 |
               +--------+--------+--------+--------+--------+-----+--------+

Top non-repeatable levels by time:
     D:1: 1651 daAuts
     D:2: 1457 daAuts
     D:4: 466 daAuts
     D:3: 293 daAuts
